Match 47194121
Unlisted

Match 47194121
End
Kradschützen Motorcycle Team
Panzergrenadier Squad
Panzergrenadier Squad
Panzergrenadier Squad
Construct Light Support Kompanie
Selects Panzerjäger Kommand Battlegroup
Selects Mine Fields
Fire Support Elements
Flakvierling Half-track
Panzerjäger Mechanized Group
Selects Defensive Positions
2.5-tonne Medical Truck
Pak 38 Anti-tank Gun Team
Panzerpioneer Squad
Panzerjäger Squad
Selects Butterfly Bomb Drop
Construct Panzerarmee Kommand
Panzerjäger Squad
Selects Tank Busters
Butterfly Bomb Drop
Walking Stuka Rocket Launcher
Veteran Squad Leaders
Construct Mechanized Kompanie
254 Reconnaissance Tractor
Selects Crew Shock Tactics
Butterfly Bomb Drop
Panzer III L Medium Tank
Tungsten Core Ammunition
Emergency Repair Kits
Selects Anti-tank Overwatch
Vehicle Survival Package
Panzer III L Medium Tank
Anti-tank Overwatch
Rapid Advance
Advanced Optics
Anti-tank Overwatch
Walking Stuka Rocket Launcher
Armored Reserves
Tiger Heavy Tank
Advanced Field Repairs
SeMooS
ZA3IM
Zingo Elzengy
Boneless
ValiantHawk
BazookaJoe
0
0

Comments sign in to comment!

No comments posted yet!